cohdb
Replays
Latest Replays
All Replays
Popular Replays
Top Player Replays
Match Explorer
How It Works
Community
CoH3 Stats
Reddit
Sign in to upload your games and track your stats! →
Sign in with Steam
Match 44343510
Unlisted
Match 44343510
Overview
Messages
Build Orders
End
Pioneer Squad
Construct Infanterie Kompanie
Grenadier Squad
Grenadier Squad
MG 42 Machine Gun Team
Infanterie Officer Quarters
Construct Luftwaffe Kompanie
Selects Luftwaffe Battlegroup
Selects Stuka Strafing Run
Selects Fallschirmjäger Squad Paradrop
Medical Bunker
221 Scout Car
Fallschirmjäger Squad Paradrop
Support Elements
Fallschirmjäger Squad Paradrop
Selects Luftwaffe Pioneer Support
Luftwaffe Officer Quarters
Flak 30 Anti-aircraft Gun Team
Wirbelwind Flakpanzer
Anticafe
BlueSkidrow™
Barry Chuckle
Bego
0
0
Comments
sign in to comment!
No comments posted yet!